Map: King's Cove LE

Players

Kas

  • Race: Terran Terran
  • League: Master
  • Spawn Location: 5:00

HeroMarine - Winner!

  • Race: Terran Terran
  • League: Master
  • Spawn Location: 11:00

Event: HomeStory Cup XIX

VOD

Have the link to the VOD?

Description

Time

  • Played on: June 28, 2019, 1:17 p.m.
  • Length: 9:41

All games in this series

Show
View Real Time Build Order
Export as new Build Order

Kas Terran 

Build Orders: Gas First Reaper Expand 

Get SALT Encoding   

  12  0:00  SCV  
  13  0:12  SCV  
  14  0:17  Supply Depot  
  14  0:24  SCV  
  15  0:31  Refinery  
  15  0:39  SCV  
  16  0:45  Barracks  
  16  0:51  SCV  
  17  1:03  SCV  
  18  1:15  SCV  
  19  1:31  Orbital Command  
  19  1:32  Reaper  
  20  1:46  Command Center  
  20  1:58  SCV  
  21  2:02  Factory  
  21  2:08  Barracks Reactor  
  21  2:10  SCV  
  22  2:16  Supply Depot  
  22  2:22  Refinery  
  22  2:35  SCV  
  20  2:44  Marine x2  
  20  2:46  Hellion  
  24  3:01  SCV  
  24  3:04  Starport  
  23  3:13  SCV  
  23  3:16  Hellion x2  
  27  3:22  Supply Depot  
  27  3:24  Barracks Tech Lab  
  27  3:25  SCV  
  27  3:53  SCV  
  26  4:01  Marine  
  26  4:02  Raven, Marine  
  28  4:03  Factory Tech Lab  
  28  4:05  SCV  
  29  4:14  Orbital Command  
  30  4:17  SCV  
  30  4:20  Marine x2  
  30  4:22  Siege Tank  
  35  4:29  SCV  
  36  4:35  Refinery  
  36  4:39  Marine x2  
  36  4:41  SCV  
  36  4:43  SCV  
  36  4:45  Raven  
  42  4:53  SCV  
  42  4:55  SCV, Supply Depot  
  42  4:56  Siege Tank  
  47  5:04  Marine x2  
  47  5:05  SCV  
  51  5:07  SCV  
  51  5:17  SCV  
  51  5:18  Supply Depot  
  51  5:19  SCV  
  53  5:29  Siege Tank, SCV  
  53  5:31  SCV  
  56  5:37  Viking x2, Marine  
  56  5:42  SCV  
  62  5:44  SCV  
  62  5:47  Combat Shield  
  63  5:51  Supply Depot  
  63  5:54  SCV  
  63  5:55  Marine  
  65  6:01  Siege Tank, SCV  
  65  6:02  Supply Depot  
  70  6:11  SCV  
  70  6:12  Marine  
  70  6:13  Viking  
  74  6:18  SCV  
  74  6:20  Viking, Supply Depot  
  74  6:23  SCV  
  74  6:24  Supply Depot  
  77  6:30  Marine, SCV  
  79  6:35  Siege Tank, SCV  
  83  6:42  SCV  
  83  6:45  Viking, Supply Depot  
  86  6:48  Marine  
  86  6:51  Viking  
  89  6:54  SCV  
  89  6:59  Supply Depot  
  90  7:06  Marine  
  91  7:09  Stimpack  
  91  7:10  Command Center  
  91  7:20  SCV  
  91  7:22  Barracks  
  91  7:24  Marine  
  91  7:25  Barracks  
  91  7:27  Command Center  
  92  7:37  SCV  
  92  7:41  Engineering Bay  
  92  7:42  Viking, Marine, Engineering Bay  
  96  7:53  Siege Tank, Viking  
  92  8:07  SCV  
  92  8:11  Barracks Reactor  
  83  8:13  Barracks Reactor  
  83  8:14  Barracks  
  83  8:15  Barracks  
  66  8:30  Marine  
  66  8:31  SCV  
  66  8:32  Siege Tank  
  66  8:33  SCV  
  66  8:48  Marine x3, SCV x2  
  69  8:50  Marine  
  69  8:54  Marine  
  73  8:59  Refinery, Sensor Tower  
  73  9:01  SCV  
  72  9:03  Barracks Reactor  
  72  9:06  Marine x3  
  72  9:08  Marine, Barracks Reactor  
  76  9:11  Armory  
  76  9:13  SCV x2  
  76  9:15  Marine  
  79  9:18  Refinery  
  79  9:21  Refinery  
  82  9:24  Supply Depot  
  82  9:25  SCV x2  
Show
View Real Time Build Order
Export as new Build Order

HeroMarine Terran - Winner!

Build Orders:  

Get SALT Encoding   

  12  0:00  SCV  
  13  0:12  SCV  
  14  0:18  Supply Depot  
  14  0:25  SCV  
  15  0:29  Refinery  
  15  0:40  SCV  
  16  0:45  Barracks  
  16  0:52  SCV  
  17  0:58  Refinery  
  17  1:04  SCV  
  18  1:16  SCV  
  19  1:32  Orbital Command, Reaper  
  20  1:42  Factory  
  20  1:52  Supply Depot  
  20  1:58  SCV  
  21  2:04  Reaper  
  22  2:10  SCV  
  23  2:22  SCV  
  24  2:27  Hellion  
  26  2:34  SCV  
  27  2:39  Reaper  
  27  2:40  Command Center  
  28  2:46  SCV  
  28  2:50  Hellion  
  31  3:03  Supply Depot  
  31  3:04  Starport  
  31  3:19  Factory Tech Lab, Barracks Tech Lab  
  31  3:24  SCV  
  32  3:36  SCV  
  32  3:46  Barracks Reactor  
  31  3:48  SCV  
  31  3:53  Raven, Cyclone  
  31  3:54  Orbital Command  
  35  3:59  Refinery  
  35  4:01  SCV  
  33  4:13  SCV  
  33  4:16  Command Center  
  34  4:21  SCV  
  34  4:24  Marine x2  
  35  4:25  SCV  
  35  4:28  Cyclone  
  41  4:33  SCV  
  41  4:37  SCV  
  41  4:38  Raven  
  45  4:42  Supply Depot  
  45  4:43  Marine  
  45  4:44  Marine  
  47  4:46  SCV  
  47  4:49  SCV  
  49  4:56  Refinery  
  49  4:58  SCV  
  50  5:00  Siege Tank  
  50  5:01  SCV  
  54  5:07  Supply Depot  
  54  5:10  SCV  
  54  5:13  Marine x2, SCV  
  58  5:22  Raven, SCV  
  58  5:25  SCV  
  62  5:29  Supply Depot  
  62  5:30  Orbital Command  
  62  5:34  SCV  
  63  5:37  Siege Tank, SCV  
  63  5:40  Marine x2  
  69  5:46  SCV  
  69  5:49  SCV  
  71  5:53  Orbital Command  
  71  5:56  Barracks  
  71  5:58  Barracks  
  71  5:59  SCV  
  71  6:02  SCV  
  71  6:03  Engineering Bay x2  
  73  6:09  Engineering Bay  
  73  6:11  SCV  
  74  6:13  Stimpack, Viking  
  74  6:14  SCV  
  77  6:19  SCV  
  77  6:21  Siege Tank  
  77  6:23  SCV  
  77  6:24  Marine  
  83  6:26  SCV  
  83  6:29  Supply Depot  
  83  6:30  Supply Depot  
  83  6:31  SCV  
  85  6:35  SCV  
  85  6:38  SCV  
  87  6:40  Viking  
  87  6:43  Viking, SCV  
  87  6:45  Marine, Barracks Reactor x2  
  93  6:51  SCV x2  
  93  6:54  Barracks x2  
  95  6:55  SCV  
  95  6:58  Terran Infantry Weapons Level 1, Terran Infantry Armor Level 1  
  96  7:02  Supply Depot x2  
  96  7:03  SCV  
  96  7:04  SCV  
  96  7:07  Marine, SCV  
  100  7:15  Viking, SCV  
  102  7:16  SCV  
  102  7:18  Viking  
  102  7:19  SCV  
  107  7:22  Marine  
  107  7:23  Marine x3  
  107  7:25  Marine  
  107  7:28  Sensor Tower  
  112  7:32  SCV x2  
  114  7:40  Siege Tank, Marine x2  
  114  7:41  Marine  
  118  7:49  Barracks Reactor x2  
  118  7:50  Marine  
  118  7:51  Marine  
  109  7:53  Orbital Command  
  109  7:58  Marine  
  96  8:03  Marine x2  
  90  8:06  SCV x2  
  90  8:12  Siege Tank  
  95  8:18  Marine  
  94  8:20  Marine x2  
  94  8:21  Marine x2  
  92  8:31  Marine x2  
  92  8:33  Medivac  
  89  8:34  Medivac  
  89  8:36  Marine x3  
  89  8:37  Marine  
  89  8:38  Marine  
  89  8:39  Marine  
  97  8:42  Marine  
  97  8:44  Siege Tank  
  99  8:49  Marine x2  
  101  8:56  Marine  
  101  8:57  Marine x3  
  101  8:59  Marine x2  
  101  9:00  Marine  
  108  9:05  Medivac x2  
  108  9:07  Marine x2  
  114  9:14  Marine x2  
  114  9:15  Marine x2  
  114  9:16  Supply Depot  
  118  9:20  Supply Depot  
Tags
 
Add a new tag
Caveats
  • Supply blocks, unpowered buildings, or Contaminate may cause inaccurate times.
  • Supply counts are checked every 10 seconds.